 Dungeon Crawl Stone Soup version 0.29-a0-885-gb26ba3297d (webtiles) character file.

Game seed: 10204201091331080646

15 jimonade the Chiller (level 2, -4/15 HPs)
             Began as a Deep Elf Ice Elementalist on July 21, 2022.
             Slain by a worm (8 damage)
             ... on level 2 of the Dungeon.
             The game lasted 00:01:24 (1389 turns).

jimonade the Chiller (Deep Elf Ice Elementalist)    Turns: 1389, Time: 00:01:25

Health: -4/15      AC:  2    Str:  5    XL:     2   Next: 34%
Magic:  5/8        EV: 12    Int: 19    God:
Gold:   28         SH:  0    Dex: 15    Spells: 6/7 levels left

rFire   . . .      SeeInvis .   i - +0 rapier
rCold   . . .      Faith    .   (no shield)
rNeg    . . .      Spirit   .   a - +0 robe
rPois   .          Reflect  .   (no helmet)
rElec   .          Harm     .   (no cloak)
rCorr   .          Rampage  .   (no gloves)
Will    .....                   (no boots)
Stlth   ++........              (no amulet)
HPRegen 0.05/turn               (no ring)
MPRegen 0.11/turn               (no ring)

@: no status effects
A: no striking features
a: no special abilities


You were on level 2 of the Dungeon.
You visited 1 branch of the dungeon, and saw 2 of its levels.

You collected 28 gold pieces.

Inventory:

Hand Weapons
 i - a +0 rapier (weapon)
Armour
 a - a +0 robe (worn)
Scrolls
 c - a scroll of fear {unknown}
 e - a scroll of magic mapping {unknown}
 g - 2 scrolls of teleportation {unknown}
 j - a scroll of blinking {unknown}
 k - a scroll of silence {unknown}
Potions
 b - 2 potions of magic
 d - a potion of degeneration {unknown}
 f - a potion of curing {unknown}
 h - a potion of mutation {unknown}


   Skills:
 + Level 2.6 Dodging
 - Level 2.4 Stealth
 + Level 3.4 Spellcasting
 + Level 4.8 Ice Magic


You had 6 spell levels left.
You knew the following spells:

 Your Spells              Type           Power      Damage    Failure   Level
a - Freeze                Ice            84%        1d10      1%          1

Your spell library contained the following spells:

 Spells                   Type           Power      Damage    Failure   Level
 Frozen Ramparts          Ice            42%        1d6       6%          3
 Ozocubu's Armour         Ice            21%        N/A       6%          3
 Hailstorm                Conj/Ice       12%        3d5       47%         4
 Dispersal                Tloc           1%         N/A       100%        6
 Disjunction              Tloc           1%         N/A       100%        8


Dungeon Overview and Level Annotations

Branches:
Dungeon (2/15)

Altars:


Message History

You freeze the endoplasm.
You kill the endoplasm!
j - a scroll labelled FUSUGUUJOE You now have 28 gold pieces (gained 19).
There is an open door here.
Found a dagger.
Found a stone staircase leading down.
Partly explored, can't reach some places.
Partly explored, can't reach some places.
Search for what [? for help]? .
There is an escape hatch in the floor here.
There is a stone staircase leading down here.
You climb downwards.
There is a stone staircase leading up here.
A ball python comes into view.
The ball python hisses angrily.
You freeze the ball python.
You kill the ball python!
Magic restored.
You see here a ball python corpse.
k - a scroll labelled FATEPN KUMAW
Found a stone staircase leading up.
Found a stone staircase leading down.
A worm comes into view.
There is a stone staircase leading down here.
You freeze the worm.
The worm is lightly wounded.
The worm completely misses you.
You freeze the worm.
The worm is lightly wounded.
You freeze the worm!
The worm is heavily wounded.
The worm bites you!
Ouch! That really hurt!
* * * LOW HITPOINT WARNING * * *
You hit the worm but do no damage.
The worm is heavily wounded.
The worm bites you!
Ouch! That really hurt!
You die...

#.# #.# #.# #.# #.#
#.# #.# #.# #.# #.#
#.# #.# #.# #.#
##########.# #.#
......w@.>.#######.#
######...........#.#
#####.#.###.#.#
............#
#..#.###.### .....#
#.# .######.###.#
............#
#######.#####


You could see a worm.

Vanquished Creatures
  2 dart slugs (D:1)
  An endoplasm (D:1)
  A kobold (D:1)
  A quokka (D:1)
  A ball python (D:2)
  A bat (D:1)
  4 frilled lizards (D:1)
  2 rats (D:1)
13 creatures vanquished.

Notes
Turn   | Place    | Note
-------+----------+-------------------------------------------
     0 | D:1      | jimonade the Deep Elf Ice Elementalist began the quest for
                  | the Orb.
     0 | D:1      | Reached XP level 1. HP: 10/10 MP: 6/6
   394 | D:1      | Reached XP level 2. HP: 8/15 MP: 4/8
   555 | D:1      | Found a faded altar of an unknown god.
  1389 | D:2      | Slain by a worm

Illustrated notes

Levels and vault maps discovered:
D:1:      dpeg_arrival_court, layout_basic, ebering_ecumenical_altar_box,
          serial_forest, infiniplex_forest_clump_small,
          infiniplex_forest_straight_2, infiniplex_forest_lined_3,
          infiniplex_forest_end_3, infiniplex_forest_side_room
D:2:      layout_basic, basic_altar, uniq_sigmund

Action                   || total
-------------------------++-------
Melee: Unarmed           ||     1
       Rapier            ||     1
 Cast: Freeze            ||    25
Armor: Robe              ||     2
Dodge: Dodged            ||     8

Table legend: (Time is in decaauts)
 A = Elapsed time spent in this place.
 B = Non-inter-level travel time spent in this place.
 C = Inter-level travel time spent in this place.
 D = Time resting spent in this place.
 E = Time spent auto-exploring this place.
 F = Levels seen in this place.
 G = Mean time per level.
                   A        B        C        D        E       F      G
               +--------+--------+--------+--------+--------+-----+--------+
         Total |   1388 |   1373 |     15 |      0 |   1254 |   2 |  694.0 |
       Dungeon |   1388 |   1373 |     15 |      0 |   1254 |   2 |  694.0 |
               +--------+--------+--------+--------+--------+-----+--------+

Top non-repeatable levels by time:
     D:1: 1258 daAuts
     D:2: 129 daAuts
